 Dungeon Crawl Stone Soup version 0.27-a0-1184-ge86db4a01e (webtiles) character file.

Game seed: 14832623139673192840

276760 freelancePsychic the Spry (level 18, -5/167 HPs)
             Began as a Demigod Conjurer on May 18, 2021.
             Slain by a merfolk
             ... wielding a +0 trident
              (12 damage)
             ... on level 4 of the Shoals.
             The game lasted 02:55:50 (64385 turns).

freelancePsychic the Spry (Demigod Conjurer)       Turns: 64385, Time: 02:55:51

Health: -5/167     AC: 12    Str: 19    XL:     18   Next: 87%
Magic:  13/46      EV: 10    Int: 45    God:
Gold:   2184       SH:  0    Dex: 12    Spells: 21/37 levels left

rFire    . . .     SeeInvis .   P - staff of conjuration
rCold    + . .     Faith    .   v - +3 warlock's mirror {reflect}
rNeg     + . .     Spirit   .   o - +2 robe {Archmagi}
rPois    .         Reflect  +   r - +0 hat {Int+3}
rElec    .         Harm     .   I - +2 cloak {rC+}
rCorr    .         Rampage  .   a - +1 pair of gloves {Str+3}
Will     ++++.     Clarity  +   y - +0 pair of boots
Stlth    ++........             t - amulet of the Four Winds {rN+ Will+++ Clar}
HPRegen  0.37/turn              D - +6 ring of intelligence
MPRegen  0.30/turn              m - ring of magical power

@: lethally poisoned (-5 -> -15), about to teleport, very slightly contaminated,
held
A: high mp 1, forlorn
}: 2/15 runes: barnacled, gossamer
a: no special abilities


You were on level 4 of the Shoals.
You visited 6 branches of the dungeon, and saw 34 of its levels.
You also visited: Bailey and Ice Cave.

You collected 4782 gold pieces.
You spent 2598 gold pieces at shops.

Inventory:

Hand Weapons
 b - the +10 battleaxe of the Unliving {venom, rPois rCorr Str+2}
   (You found it on level 6 of the Lair of Beasts)

   It poisons the flesh of those it strikes.
   It affects your strength (+2).
   It protects you from poison.
   It protects you from acid and corrosion.
 f - a +0 trident of venom
Missiles
 U - 10 curare-tipped darts
Armour
 a - a +1 pair of gloves of strength (worn)
 o - a +2 robe of the Archmagi (worn)
 r - a +0 hat of intelligence (worn)
 v - the +3 warlock's mirror (worn) {reflect}
   (You found it on level 6 of the Dungeon)
 y - a +0 pair of boots (worn)
 I - a +2 cloak of cold resistance (worn)
 Z - a +2 crystal plate armour
Magical Staves
 q - a staff of fire
 P - a staff of conjuration (weapon)
Jewellery
 c - a ring of protection from fire
 d - a +6 ring of strength
 m - a ring of magical power (right hand)
 p - a ring of flight
 t - the amulet of the Four Winds (around neck) {rN+ Will+++ Clar}
   (You found it on level 3 of the Shoals)

   [amulet of nothing]

   It protects you from negative energy.
   It protects you against confusion.
   It greatly increases your willpower.
 D - a +6 ring of intelligence (left hand)
 F - an amulet of the acrobat
 J - a ring of ice
 R - a ring of see invisible
 T - an amulet of magic regeneration
 Y - a ring of poison resistance
Wands
 n - a wand of flame (83)
 O - a wand of digging (19)
 S - a wand of acid (29)
 W - a wand of iceblast (23)
 X - a wand of paralysis (9)
Scrolls
 e - 5 scrolls of vulnerability
 i - 4 scrolls of enchant armour
 k - 5 scrolls of teleportation {@r4}
 w - 6 scrolls of enchant weapon
 x - 2 scrolls of magic mapping
 E - 5 scrolls of amnesia
 G - 4 scrolls of silence
 H - 7 scrolls of identify {@r1}
 L - 2 scrolls of brand weapon
Potions
 g - 10 potions of curing {@q1}
 h - 6 potions of brilliance
 j - a potion of berserk rage
 s - 10 potions of attraction
 u - 3 potions of heal wounds {@q2}
 z - 4 potions of ambrosia
 A - 4 potions of lignification
 B - 3 potions of haste {@q3}
 C - 5 potions of flight
 N - 4 potions of mutation
 Q - 2 potions of magic
 V - 6 potions of might
Miscellaneous
 M - a condenser vane


   Skills:
 - Level 16.3 Fighting
 + Level 10.6 Armour
 - Level 16.5 Dodging
 - Level 1.8 Stealth
 - Level 4.0 Shields
 - Level 10.0 Spellcasting
 - Level 14.0 Conjurations
 + Level 11.9 Earth Magic


You had 21 spell levels left.
You knew the following spells:

 Your Spells              Type           Power      Damage    Failure   Level
a - Orb of Destruction    Conj           73%        9d19      3%          7
b - Searing Ray           Conj           100%       3d7       0%          2
c - Iron Shot             Conj/Erth      71%        9d13      1%          6
d - Magic Dart            Conj           100%       1d8       0%          1

Your spell library contained the following spells:

 Spells                   Type           Power      Damage    Failure   Level
 Foxfire                  Conj/Fire      100%       2x1d9     1%          1
 Freeze                   Ice            100%       1d11      1%          1
 Summon Small Mammal      Summ           100%       N/A       1%          1
 Call Imp                 Summ           33%        N/A       1%          2
 Passwall                 Tmut/Erth      70%        N/A       1%          2
 Conjure Flame            Conj/Fire      100%       6-21      1%          3
 Dazzling Flash           Conj/Hex       100%       N/A       1%          3
 Fulminant Prism          Conj/Hex       57%        3d25      1%          4
 Hailstorm                Conj/Ice       100%       3d20      1%          4
 Iskenderun's Mystic Bla  Conj/Tloc      100%       2d19      1%          4
 Petrify                  Tmut/Erth      85%        N/A       1%          4
 Sticky Flame             Conj/Fire      100%       2d11      1%          4
 Bolt of Magma            Conj/Fire/Erth 61%        4d24      1%          5
 Fireball                 Conj/Fire      57%        3d22      1%          5
 Irradiate                Conj/Tmut      57%        3d32      1%          5
 Iskenderun's Battlesphe  Conj           100%       2d15      1%          5
 Call Canine Familiar     Summ           33%        N/A       3%          3
 Confusing Touch          Hex            33%        N/A       3%          3
 Frozen Ramparts          Ice            66%        1d8       3%          3
 Gell's Gravitas          Tloc           16%        N/A       3%          3
 Ignite Poison            Fire/Tmut/Pois 33%        N/A       3%          3
 Inner Flame              Hex/Fire       33%        N/A       3%          3
 Ozocubu's Armour         Ice            33%        N/A       3%          3
 Summon Guardian Golem    Hex/Summ       33%        N/A       3%          3
 Conjure Ball Lightning   Conj/Air       57%        3x3d21    11%         6
 Ice Form                 Ice/Tmut       33%        N/A       12%         4
 Summon Ice Beast         Ice/Summ       33%        N/A       12%         4
 Summon Lightning Spire   Summ/Air       33%        N/A       12%         4
 Statue Form              Tmut/Erth      56%        N/A       17%         6
 Hydra Form               Tmut           16%        N/A       34%         5
 Manifold Assault         Tloc           33%        N/A       34%         5
 Metabolic Englaciation   Hex/Ice        16%        N/A       34%         5
 Silence                  Hex/Air        16%        N/A       34%         5
 Summon Forest            Summ/Tloc      16%        N/A       34%         5
 Summon Mana Viper        Hex/Summ       33%        N/A       34%         5
 Yara's Violent Unravell  Hex/Tmut       16%        3d8       34%         5
 Spellforged Servitor     Conj/Summ      57%        N/A       52%         7
 Shadow Creatures         Summ           N/A        N/A       88%         6
 Ozocubu's Refrigeration  Ice            16%        4d8       100%        7
 Summon Hydra             Summ           16%        N/A       100%        7
 Tornado                  Air            16%        N/A       100%        9


Dungeon Overview and Level Annotations

Branches:
Dungeon (15/15)            Temple (0/1) D:4            Lair (6/6) D:11
 Shoals (4/4) Lair:4       Spider (4/4) Lair:2        Slime (0/5) Lair:5
    Orc (2/2) D:10            Elf (3/3) Orc:2        Vaults (0/5) D:13
 Depths (0/5) D:15         Bailey (visited)           IceCv (visited)

Shops:
D:2 (   D:6 :   D:8 *   D:12 [**   Orc:2 =*?:*   Elf:1 [   Elf:2 ==:!   Elf:3 (
Shoals:1 **   Shoals:2 ((   Shoals:4 [

Annotations:
D:12 1 runed translucent door, ardl's ghost, journeyman GnHu
D:15 3 runed translucent doors, Xohuykh's ghost, journeyman GrEE
Lair:2 exclusion: 2 oklob plants
Shoals:1 3 runed translucent doors, exclusion: obsidian statue, Loidof's ghost, adept MiFi
Elf:2 3 runed translucent doors


Innate Abilities, Weirdness & Mutations

Your attributes grow dramatically as you level up.
You have an increased reservoir of magic. (+10% MP)
You shall have no god before yourself.


Message History

You feel strangely unstable.
You feel extremely sick.
The merfolk hits you from afar with a +2 halberd of pain.
You writhe in agony.
The merfolk impaler hits you from afar with a +0 trident of venom!
You are more poisoned.
The merfolk closely misses you.
You feel better. The merfolk impaler barely misses you.
The merfolk hits you from afar with a +2 halberd of pain!
The merfolk barely misses you.
The merfolk impaler hits you from afar with a +0 trident of venom.
You are poisoned.
Casting: Iron Shot (mildly dangerous; 1% risk of failure)
Confirm with . or Enter, or press ? or * to list all spells.
Aiming: Iron Shot (mildly dangerous; 1% risk of failure)
Press: ? - help, Shift-Dir - straight line, f/p - merfolk impaler
Aim: a merfolk impaler, wielding a +0 trident of venom and wearing a +0 leather armour (severely wounded, 63% to hit)
You feel a strong surge of power!
The iron shot misses the merfolk impaler.
You feel sick.
The merfolk impaler hits you from afar with a +0 trident of venom!
You are more poisoned.
The merfolk closely misses you. The merfolk barely misses you.
The merfolk hits you from afar with a +0 trident!
* * * LOW HITPOINT WARNING * * *
The merfolk impaler hits you from afar with a +0 trident of venom!
* * * LOW HITPOINT WARNING * * *
You are lethally poisoned!
You feel better.
The merfolk hits you from afar with a +2 halberd of pain!!
* * * LOW HITPOINT WARNING * * *
You writhe in agony.
* * * LOW HITPOINT WARNING * * *
The merfolk impaler hits you from afar with a +0 trident of venom!
* * * LOW HITPOINT WARNING * * *
You are poisoned.
The merfolk hits you from afar with a +2 vorpal spear.
* * * LOW HITPOINT WARNING * * *
x2 The merfolk hits you from afar with a +0 trident!
You die...

. ##.....≈≈≈≈≈≈# .
##.......≈≈.≈#
.≈≈#######.......†....###
.≈≈≈#≈≈#≈#...≈≈≈≈......≈#
..≈≈≈≈≈≈≈≈≈≈≈≈≈≈≈≈......#≈
..≈≈≈≈≈≈≈≈≈≈≈≈≈≈≈≈......≈≈
#.≈≈≈≈≈≈≈≈≈≈≈≈.........≈≈≈
≈##≈≈≈≈≈≈)≈≈≈≈..[....≈≈≈≈≈
≈#≈≈≈≈≈≈≈≈≈≈≈.m.@P.P.P≈≈≈≈
≈##...≈≈≈≈≈≈..m.....≈≈≈≈≈≈
# #....≈≈≈≈≈..mm.[.PPPP≈≈≈
###....≈≈≈≈≈≈..#...PP≈≈≈≈≈
.#.....≈≈≈≈≈≈..##...≈P≈≈≈≈
###.....≈≈≈≈≈≈..##.PPP≈≈≈≈
#..<...≈≈≈≈≈≈≈≈....PP≈≈≈≈≈
#[.....≈≈≈≈≈≈≈≈≈P≈≈PP≈≈≈≈≈
......≈≈≈≈≈≈≈≈≈≈≈≈P≈P≈≈≈≈


You could see a merfolk impaler and 3 merfolk.

Vanquished Creatures
  Nikola (Shoals:2)
  Rupert (D:13)
  2 deep elf blademasters (Elf:3)
  A deep elf master archer (Elf:3)
  Kirke (Lair:6)
  2 azure jellies (IceCv)
  A frost giant (Shoals:4)
  9 deep elf sorcerers
  5 ghost moths
  An orc warlord (Orc:2)
  4 emperor scorpions
  4 deep elf elementalists
  2 quicksilver oozes (IceCv)
  A stone giant (D:15)
  Nessos (D:13)
  8 deep elf annihilators
  2 deep elf demonologists
  4 entropy weavers
  6 spark wasps
  4 deep elf death magi (Elf:3)
  Snorg (Orc:1)
  2 merfolk javelineers (Shoals:4)
  5 merfolk impalers
  7 deep elf high priests (Elf:3)
  Fannar (Lair:3)
  4 boulder beetles
  An ogre mage (D:15)
  15 hydras
  An ice dragon (D:15)
  6 merfolk avatars
  A death knight (D:11)
  5 centaur warriors
  2 catoblepae (Lair:6)
  5 two-headed ogres
  Harold (D:9)
  A satyr (Shoals:3)
  13 dancing weapons
  7 merfolk aquamancers
  3 tengu warriors
  4 death yaks (Lair:6)
  7 orc high priests (Orc:2)
  Urug (D:13)
  Sonja (D:12)
  6 deep elf knights
  22 slime creatures
  9 skeletal warriors
  13 sea snakes
  2 lindwurms (Lair:6)
  8 deep elf archers
  An orc knight (Bailey)
  24 deep elf pyromancers
  12 orb spiders
  7 harpies (Shoals:1)
  2 orc sorcerers (Orc:2)
  27 deep elf zephyrmancers
  An oklob plant (Lair:3)
  10 ugly things
  9 cyclopes
  A manticore (shapeshifter) (D:15)
  9 fauns
  31 wolf spiders
  20 manticores
  3 moths of wrath
  8 elephants
  6 merfolk sirens
  10 black mambas
  A gargoyle (D:10)
  3 torpor snails
  8 water nymphs
  3 ice statues (IceCv)
  2 kobold demonologists (D:13)
  13 cane toads
  6 rime drakes
  2 unseen horrors
  2 freezing wraiths
  8 komodo dragons
  16 demonic crawlers
  Psyche (D:8)
  3 efreet
  3 tengu conjurers
  3 entropy weaver simulacra (IceCv)
  A very ugly thing simulacrum (IceCv)
  3 meliai
  14 polar bears
  16 merfolk
  4 wind drakes
  7 trolls
  22 jumping spiders
  3 raiju (Lair:6)
  3 hornets
  A troll (shapeshifter) (Elf:3)
  4 dream sheep (Lair:6)
  6 snapping turtles
  7 blink frogs
  46 redbacks
  31 tarantellas
  An air elemental (Elf:2)
  9 water elementals
  7 wyverns
  5 wraiths
  35 yaks
  15 humans (D:13)
  4 basilisks
  4 vampire mosquitoes
  6 hogs (Lair:6)
  2 steam dragons (D:8)
  16 wargs
  Menkaure (D:5)
  4 acid dragons
  4 demonic crawler simulacra (IceCv)
  14 hell hounds (Lair:6)
  11 water moccasins
  A sky beast (D:8)
  15 orc warriors
  An ice beast (D:8)
  5 ugly thing simulacra (IceCv)
  19 black bears
  A necrophage (D:6)
  8 centaurs
  7 ogres
  35 wolves
  A phantom (D:7)
  2 kobold brigands
  12 bullfrogs
  2 glowing shapeshifter simulacra (IceCv)
  A gnoll sergeant (D:11)
  3 earth elementals
  5 scorpions
  2 water moccasin skeletons
  6 killer bees
  2 electric eels
  5 howler monkeys
  A bullfrog zombie (D:5)
  4 centaur zombies
  6 hounds
  32 orc priests
  A centaur skeleton (D:6)
  3 iguanas
  A jelly (D:5)
  A gnoll shaman (D:7)
  22 orc wizards
  2 killer bee zombies
  A hound skeleton (D:4)
  A howler monkey zombie (D:9)
  A howler monkey skeleton (D:7)
  8 gnolls
  8 adders
  2 shadow imps (D:6)
  2 white imps
  An ufetubus (D:6)
  A dart slug (D:4)
  55 orcs
  2 bats
  7 endoplasms
  5 giant cockroaches
  5 hobgoblins
  5 jackals
  A quokka (D:3)
  6 ball pythons
  5 frilled lizards
  16 goblins
  A jackal skeleton (D:4)
  28 kobolds
  5 rats
1147 creatures vanquished.

Vanquished Creatures (others)
  A snapping turtle (Shoals:4)
  A bush (Lair:2)
  55 fungi
  125 plants
182 creatures vanquished.

Grand Total: 1329 creatures vanquished

Notes
Turn   | Place    | Note
-------+----------+-------------------------------------------
     0 | D:1      | freelancePsychic the Demigod Conjurer began the quest for
                  | the Orb.
     0 | D:1      | Reached XP level 1. HP: 14/14 MP: 5/5
   329 | D:1      | Reached skill level 1 in Fighting
   368 | D:1      | Reached XP level 2. HP: 23/23 MP: 2/7
   670 | D:1      | Learned a level 2 spell: Searing Ray
  1202 | D:2      | Reached XP level 3. HP: 29/29 MP: 5/8
  1240 | D:2      | Found Wopules's Weapon Boutique.
  2865 | D:4      | Noticed a scorpion
  2868 | D:4      | Killed a scorpion
  2869 | D:4      | Reached XP level 4. HP: 29/38 MP: 4/9
  2974 | D:4      | Reached XP level 5. HP: 7/45 MP: 1/10
  3455 | D:4      | Reached skill level 5 in Conjurations
  3707 | D:4      | Found a staircase to the Ecumenical Temple.
  4057 | D:5      | Entered Level 5 of the Dungeon
  4060 | D:5      | Noticed Menkaure
  4119 | D:4      | Reached XP level 6. HP: 40/52 MP: 11/11
  4444 | D:5      | Killed Menkaure
  4539 | D:5      | Reached skill level 5 in Fighting
  4742 | D:5      | Reached XP level 7. HP: 59/61 MP: 12/12
  5004 | D:5      | Reached skill level 1 in Armour
  5800 | D:6      | Found Neozxoppe's Book Boutique.
  5836 | D:6      | Found the +3 warlock's mirror {reflect}
  6503 | D:6      | Reached XP level 8. HP: 71/71 MP: 13/13
  7339 | D:7      | Identified the +0 ring mail of the Known World {Dex+7}
  7404 | D:7      | Reached skill level 5 in Armour
  8021 | D:7      | Reached XP level 9. HP: 80/82 MP: 13/14
  8613 | D:8      | Identified the +0 scale mail "Devetrar" {Str+6 Dex+3}
  8655 | D:8      | Noticed Psyche
  8663 | D:8      | Killed Psyche
  9330 | D:8      | Found Mtoamem's Merry Market.
  9973 | D:9      | Noticed a two-headed ogre
 10038 | D:9      | Noticed a two-headed ogre
 10042 | D:9      | Reached skill level 1 in Shields
 10047 | D:9      | Killed a two-headed ogre
 10048 | D:9      | Reached skill level 5 in Dodging
 10048 | D:9      | Reached XP level 10. HP: 79/93 MP: 16/19
 10136 | D:9      | Noticed Harold
 10152 | D:9      | Killed Harold
 10670 | D:9      | Killed a two-headed ogre
 10671 | D:9      | Reached skill level 10 in Fighting
 11114 | D:10     | Entered Level 10 of the Dungeon
 12544 | D:10     | Reached XP level 11. HP: 84/101 MP: 18/20
 12553 | D:10     | Reached skill level 5 in Earth Magic
 12669 | D:10     | Found a staircase to the Orcish Mines.
 12769 | D:11     | Noticed a five-headed hydra
 12981 | D:10     | Killed a five-headed hydra
 14005 | D:11     | Noticed a death knight
 14375 | Orc:1    | Entered Level 1 of the Orcish Mines
 14407 | Orc:1    | Found a flagged portal.
 14436 | Bailey   | Entered a bailey
 14792 | Bailey   | Noticed an orc knight
 14823 | Bailey   | Killed an orc knight
 15118 | Bailey   | Identified the Catalogue of Attacks and Cold
 15251 | D:6      | Bought a book of Power for 630 gold pieces
 15258 | D:6      | Learned a level 6 spell: Iron Shot
 15818 | Orc:1    | Noticed Snorg
 15917 | D:11     | Noticed a boulder beetle
 15965 | D:11     | Found a staircase to the Lair.
 15975 | Lair:1   | Entered Level 1 of the Lair of Beasts
 16444 | Lair:1   | Identified the +2 robe of Rotation {Str-4 Dex+5}
 16487 | Lair:1   | Noticed a five-headed hydra
 16500 | Lair:1   | Killed a five-headed hydra
 17571 | Lair:2   | Noticed a seven-headed hydra
 17581 | Lair:2   | Killed a seven-headed hydra
 17584 | Lair:2   | Reached XP level 12. HP: 49/111 MP: 13/21
 17891 | Lair:2   | Noticed a seven-headed hydra
 17970 | Lair:2   | Found a hole to the Spider Nest.
 18342 | Lair:2   | Killed a seven-headed hydra
 18947 | Lair:3   | Noticed Fannar
 21665 | Lair:4   | Found a staircase to the Shoals.
 21868 | Lair:5   | Noticed a six-headed hydra
 21873 | Lair:5   | Killed a six-headed hydra
 22004 | Lair:5   | Found a staircase to the Slime Pits.
 22143 | Lair:5   | Noticed a boulder beetle
 22159 | Lair:6   | Entered Level 6 of the Lair of Beasts
 22418 | Lair:5   | Reached skill level 5 in Spellcasting
 22950 | Lair:5   | Noticed a six-headed hydra
 22958 | Lair:5   | Killed a six-headed hydra
 22959 | Lair:5   | Reached XP level 13. HP: 102/119 MP: 10/25
 25152 | Lair:6   | Noticed Kirke
 26403 | Lair:6   | Killed Kirke
 27308 | Lair:6   | Reached skill level 10 in Dodging
 28275 | Lair:6   | Reached XP level 14. HP: 132/132 MP: 23/27
 29116 | Lair:6   | Identified the Volume of Blistering Combat Magic
 29118 | Lair:6   | Identified the +10 battleaxe of the Unliving {venom, rPois
                  | rCorr Str+2}
 29627 | Lair:3   | Killed Fannar
 30212 | Orc:1    | Killed Snorg
 30707 | Orc:2    | Entered Level 2 of the Orcish Mines
 30711 | Orc:2    | Noticed an orc warlord
 31551 | Orc:2    | Killed an orc warlord
 31875 | Orc:2    | Found a staircase to the Elven Halls.
 31961 | Orc:2    | Found Tojiu's General Store.
 32897 | Orc:2    | Found Anoc's Magic Scroll Shop.
 32897 | Orc:2    | Found Zyb Holati's Book Shoppe.
 33035 | Orc:2    | Found Husossy's Jewellery Shop.
 33035 | Orc:2    | Found Daticsifo's General Store.
 33501 | Orc:2    | Reached skill level 10 in Earth Magic
 33913 | D:11     | Identified the +0 ring mail of the Gloaming {rF+ rC+ Str-4}
 34705 | D:12     | Found Unia's General Store.
 34714 | D:12     | Noticed Sonja
 34717 | D:12     | Killed Sonja
 35067 | D:12     | Found Teowk's Assorted Antiques.
 35479 | D:12     | Found a runed translucent door.
 35479 | D:12     | Noticed ardl's ghost (journeyman GnHu)
 35577 | D:12     | Reached skill level 10 in Conjurations
 35717 | D:12     | Found Nehug's Armour Emporium.
 36338 | D:13     | Found a gate to the Vaults.
 36338 | D:13     | Noticed Rupert
 36338 | D:13     | Noticed Urug
 36338 | D:13     | Noticed Nessos
 36477 | D:13     | You fall into a shaft and drop 1 floor!
 37332 | D:13     | Reached XP level 15. HP: 139/139 MP: 0/28
 37490 | D:13     | Killed Urug
 38350 | D:13     | Killed Nessos
 38515 | D:13     | Killed Rupert
 38877 | D:13     | Learned a level 7 spell: Orb of Destruction
 40554 | D:15     | Entered Level 15 of the Dungeon
 40554 | D:15     | Found a runed translucent gate.
 40671 | D:15     | Found a frozen archway.
 40814 | IceCv    | Entered an ice cave
 41715 | IceCv    | Noticed an azure jelly
 41719 | IceCv    | Noticed an azure jelly
 41720 | IceCv    | Killed an azure jelly
 41723 | IceCv    | Killed an azure jelly
 42927 | D:15     | Found a staircase to the Depths.
 43458 | D:15     | Found a runed translucent gate.
 43458 | D:15     | Found a runed translucent gate.
 43458 | D:15     | Noticed Xohuykh's ghost (journeyman GrEE)
 43705 | Elf:1    | Entered Level 1 of the Elven Halls
 43894 | Elf:1    | Reached XP level 16. HP: 125/147 MP: 28/32
 44556 | Elf:1    | Identified the Volume of Supportive Attacks
 45163 | Elf:1    | Found Xisecke's Antique Armour Boutique.
 45171 | Elf:1    | Bought a masterwork helmet for 228 gold pieces
 45171 | Elf:1    | Identified the -1 helmet of the Black Skies {Slay+3} (You
                  | bought it in a shop on level 1 of the Elven Halls)
 45795 | Elf:2    | Found Geihou's Book Boutique.
 45795 | Elf:2    | Found Hostraam's Jewellery Emporium.
 45797 | Elf:2    | Found Plog's Jewellery Emporium.
 45874 | Elf:2    | Bought an amulet of magic regeneration for 360 gold pieces
 46261 | Elf:2    | Found Ygo Bau's Distillery.
 46319 | Elf:2    | Found a runed translucent gate.
 46319 | Elf:2    | Found a runed translucent gate.
 46319 | Elf:2    | Found a runed translucent gate.
 46897 | Elf:3    | Entered Level 3 of the Elven Halls
 48022 | Elf:3    | Found Munithon's Antique Weapon Emporium.
 48827 | Elf:3    | Reached skill level 15 in Fighting
 48881 | Elf:3    | Reached skill level 15 in Dodging
 48882 | Elf:3    | Noticed a deep elf blademaster
 48894 | Elf:3    | Killed a deep elf blademaster
 48972 | Elf:3    | Noticed a deep elf blademaster
 48988 | Elf:3    | Killed a deep elf blademaster
 49173 | Elf:3    | Identified the +5 long sword "Wouk" {pain, Int+3}
 49180 | Elf:3    | Reached XP level 17. HP: 64/156 MP: 12/33
 49679 | Elf:3    | Identified the +2 leather armour of the Other Side {rElec
                  | rF+++ rC- Str-5}
 49897 | Elf:3    | Identified the +6 demon whip "Diushic" {pain, Drain rF-
                  | Int+9}
 49897 | Elf:3    | Identified the +8 scale mail of Hedging {Harm}
 50335 | Elf:3    | Identified Nohotoutsa's Tome of Transformation
 50349 | Elf:3    | Identified the Volume of the Frostbite and Displacement
 50799 | Spider:1 | Entered Level 1 of the Spider Nest
 51753 | Spider:1 | You fall into a shaft and drop 1 floor!
 52679 | Spider:2 | Identified the +6 hand axe of Infinity {vorpal, rC+ Str+8
                  | Int-3 Stlth+}
 55168 | Spider:4 | Entered Level 4 of the Spider Nest
 57460 | Spider:4 | Reached XP level 18. HP: 167/167 MP: 29/36
 58797 | Spider:4 | Reached skill level 10 in Spellcasting
 58896 | Spider:4 | Got a gossamer rune of Zot
 59124 | Orc:2    | Bought a +2 crystal plate armour for 1380 gold pieces
 59324 | Shoals:1 | Entered Level 1 of the Shoals
 59366 | Shoals:1 | Found a runed translucent gate.
 60577 | Shoals:1 | Found a runed translucent gate.
 60578 | Shoals:1 | Found a runed translucent gate.
 60708 | Shoals:1 | Noticed Loidof's ghost (adept MiFi)
 60709 | Shoals:1 | Found Oxotiodd's Assorted Antiques.
 60709 | Shoals:1 | Found Toumyn's Assorted Antiques.
 60969 | Shoals:2 | Found Buutidie's Antique Weapon Emporium.
 60969 | Shoals:2 | Noticed Nikola
 61611 | Shoals:2 | Found Jeck's Antique Weapon Shoppe.
 62001 | Shoals:2 | Killed Nikola
 62085 | Shoals:3 | Found the amulet of the Four Winds {rN+ Will+++ Clar}
 62416 | Shoals:3 | Reached skill level 10 in Armour
 63413 | Shoals:4 | Entered Level 4 of the Shoals
 63415 | Shoals:4 | Found Sochaoff's Armour Boutique.
 64077 | Shoals:4 | Got a barnacled rune of Zot
 64385 | Shoals:4 | HP: 8/167 [merfolk/+2 vorpal spear (3)]
 64385 | Shoals:4 | Slain by a merfolk

Illustrated notes

Levels and vault maps discovered:
D:1:      enne_arrival_octagon_isle, layout_rooms, eino_curves_01,
          nrook_mini_vaults
D:2:      layout_basic, serial_shops, shop,
          shapermc_ecumenical_altar_flowoftime, item_on_display_b
D:3:      minmay_recursive_quarters, layout_basic
D:4:      layout_loops_cross, fiery_altar_vehumet, minmay_temple_entry_hall
D:5:      layout_loops_ring, amcnicky_altar_gilded, okawaru_gym_becter,
          serial_park_tiny_pond, hangedman_decor_slide_cut, item_on_display_a,
          uniq_menkaure
D:6:      cheibrodos_quashed, layout_basic, trog_ov_bears_minmay, serial_shops,
          shop_statue, corner_web_ring, minmay_puff
D:7:      layout_rooms
D:8:      layout_basic, minmay_misc_feat_ornament, nicolae_alphabet_shops,
          minmay_fountain_box, uniq_psyche
D:9:      layout_roguey, general_overflow_altar, uniq_harold
D:10:     layout_stronghold, nzn_wu_jian_council_hall, orc_0_dummy
D:11:     layout_rooms, lair_entry_dummy
D:12:     layout_stronghold, serial_shops, nicolae_shop_statue_plus,
          nicolae_shop_behind_doors, nicolae_shop_waterfront, ebering_ghost_xom,
          uniq_sonja
D:13:     minmay_the_grid_3x2 [minmay_the_grid_paths, minmay_the_grid_spin_star,
          minmay_the_grid_x, minmay_the_grid_plusring, minmay_the_grid_gridbox,
          minmay_the_grid_prize_inner_circle], layout_rooms, david_vaults_3
D:14:     layout_gridville
D:15:     grunt_enter_depths_snipers, layout_cave_pools,
          portal_ice_cave_entry_animals_and_master, gammafunk_ghost_spectres,
          minmay_fractal_squares_gapless_7
Lair:1:   layout_loops_ring, chequers_serial_rivers_micro_b, wad_woods_road_06,
          minivault_23, serial_bayou_shore_a, grunt_megastairs_2,
          lemuel_fruit_tree
Lair:2:   layout_chaotic_city, spider_nest_entry_web_field, serial_forest,
          infiniplex_forest_zigzag_1, infiniplex_forest_end_2,
          infiniplex_forest_clump_cross, infiniplex_forest_lined_4_way,
          infiniplex_forest_clump_diagonal, infiniplex_forest_clump_double,
          infiniplex_forest_zigzag_2, infiniplex_forest_zigzag_2,
          infiniplex_forest_straight_1, minmay_lair_oklob_chamber,
          infiniplex_staircase_pool_2, serial_bayou_shore_b,
          serial_bayou_shore_b
Lair:3:   layout_cave_pods, grunt_megastairs_5, uniq_fannar
Lair:4:   layout_long_grid, minmay_shoals_entry_hut, beast_lair_carwin_9,
          grunt_megastairs_4, infiniplex_staircase_pool
Lair:5:   layout_roguey, slime_dummy, chequers_serial_rivers_micro_c
Lair:6:   hangedman_lair_caniforms_friends, layout_layer_cave,
          hangedman_lair_in_review, uniq_kirke
Shoals:1: layout_shoals, ebering_ghost_gozag, ldierk_geyser
Shoals:2: layout_shoals, serial_shops, shop, shop, nicolae_shoals_water_shrine,
          uniq_nikola
Shoals:3: layout_shoals, lemuel_centaur_altar
Shoals:4: shoals_end_grunt_ice, layout_shoals, serial_shops,
          nicolae_shop_competitors_out_of_business, ldierk_geyser
Spider:1: layout_spider_delve
Spider:2: layout_spider_delve, nicolae_spider_some_kinda_spiderbox
Spider:3: layout_spider_delve
Spider:4: grunt_spider_rune_island
Orc:1:    layout_caves, basic_altar, enter_bailey_7, uniq_snorg
Orc:2:    st_orc_town, layout_caves, serial_shops, shop_fountains, mines5_lemuel
Elf:1:    eino_elf_arrival_shootout, layout_onion_city, serial_shops, shop,
          minmay_elf_sorcery
Elf:2:    layout_geoelf_grid, serial_shops, shop, minmay_shop_grove,
          lemuel_upstairs_altar
Elf:3:    minmay_elf_hall_x, layout_loops_ring, serial_shops,
          nicolae_shop_stone, st_stairs_4, small_statue_intersection,
          grunt_megastairs_3

Skill      XL: |  1  2  3  4  5  6  7  8  9 10 11 12 13 14 15 16 17 18 |
---------------+-------------------------------------------------------+-----
Fighting       | 1 3 4 5 6 8 9 10 11 12 14 15 16 | 16.3
Conjurations   | 4 5 6 7 8 10 12 13 14 | 14.0
Armour         | 3 5 7 10 | 10.6
Dodging        | 5 7 10 12 13 15 16 | 16.5
Spellcasting   | 4 5 6 8 9 10 | 10.0
Shields        | 2 4 |  4.0
Earth Magic    | 4 8 9 10 11 | 11.9
Stealth        | |  1.8

Action                   |  1- 3 |  4- 6 |  7- 9 | 10-12 | 13-15 | 16-18 || total
-------------------------+-------+-------+-------+-------+-------+-------++-------
Melee: Whip              |       |    13 |     7 |       |       |       ||    20
       Trident           |       |       |     6 |    20 |       |       ||    26
       Staff             |       |       |       |     1 |   100 |    31 ||   132
Throw: Dart              |       |       |       |     6 |       |       ||     6
 Cast: Magic Dart        |    97 |    19 |    45 |    86 |     5 |     1 ||   253
       Searing Ray       |     3 |    21 |    80 |   112 |    46 |     6 ||   268
       Iron Shot         |       |       |       |    74 |   475 |   455 ||  1004
       Orb of Destructio |       |       |       |       |     2 |   127 ||   129
Evoke: Wand              |       |     1 |       |       |       |     3 ||     4
       Condenser vane    |       |       |       |       |       |     2 ||     2
  Use: Scroll            |       |       |     9 |    12 |    14 |    19 ||    54
       Potion            |       |       |       |     6 |     1 |    15 ||    22
Armor: Robe              |     1 |       |       |    35 |    86 |   112 ||   234
       Scale mail        |       |    16 |    25 |    65 |       |       ||   106
       Ring mail         |       |       |    26 |       |       |       ||    26
Dodge: Dodged            |     5 |    16 |    47 |   120 |   216 |   389 ||   793
Block: Buckler           |       |       |    30 |   122 |   124 |   199 ||   475
       Reflection        |       |       |     1 |    11 |     9 |    48 ||    69

Table legend: (Time is in decaauts)
 A = Elapsed time spent in this place.
 B = Non-inter-level travel time spent in this place.
 C = Inter-level travel time spent in this place.
 D = Time resting spent in this place.
 E = Time spent auto-exploring this place.
 F = Levels seen in this place.
 G = Mean time per level.
                   A        B        C        D        E       F      G
               +--------+--------+--------+--------+--------+-----+--------+
         Total |  64799 |  62169 |   2630 |  15587 |  37937 |  36 | 1800.0 |
       Dungeon |  23479 |  22056 |   1423 |   4298 |  15298 |  15 | 1565.3 |
          Lair |  14961 |  14531 |    430 |   2486 |  10331 |   6 | 2493.5 |
        Shoals |   5280 |   5116 |    164 |   1257 |   3197 |   4 | 1320.0 |
   Spider Nest |   7619 |   7428 |    191 |   3677 |   2647 |   4 | 1904.8 |
  Orcish Mines |   4356 |   4110 |    246 |    965 |   2412 |   2 | 2178.0 |
   Elven Halls |   6908 |   6734 |    174 |   2060 |   3201 |   3 | 2302.7 |
        Bailey |    707 |    707 |      0 |    348 |    158 |   1 |  707.0 |
      Ice Cave |   1486 |   1486 |      0 |    494 |    691 |   1 | 1486.0 |
               +--------+--------+--------+--------+--------+-----+--------+

Top non-repeatable levels by time:
  Lair:6: 5294 daAuts
    D:10: 3444 daAuts
   Elf:3: 3051 daAuts
    D:12: 2580 daAuts
Spider:3: 2569 daAuts
   Elf:1: 2311 daAuts
Spider:4: 2304 daAuts
  Lair:2: 2232 daAuts
    D:13: 2223 daAuts
   Orc:1: 2194 daAuts
   Orc:2: 2162 daAuts
  Lair:3: 2068 daAuts
  Lair:5: 2050 daAuts
     D:8: 2034 daAuts
Shoals:3: 1969 daAuts
